[Event "5th Sharjah Masters 2022"]
[Site "Sharjah"]
[Date "2022.05.25"]
[Round "5.9"]
[White "Sarana, Alexey"]
[Black "Indjic, Aleksandar"]
[Result "1-0"]
[ECO "E49"]
[WhiteElo "2675"]
[BlackElo "2621"]
[Annotator "TA"]
[PlyCount "89"]
[EventDate "2022.05.21"]
[EventType "swiss"]
[EventCountry "UAE"]
[SourceTitle "playchess.com"]
[Source "ChessBase"]
[SourceQuality "1"]
[TimeControl "5400+30"]

1. d4 Nf6 2. c4 e6 3. Nc3 Bb4 4. e3 O-O 5. Bd3 d5 6. a3 Bxc3+ 7. bxc3 c5 8. cxd5 Qxd5 9. Nf3 b6 {[%emt 0:00:08] E49: Nimzo-Indian: Rubinstein: 5 Bd3 d5 6 a3 Bxc3+ 7 bxc3.} 10. Qe2 Bb7 11. e4 {[%emt 0:06:01] [#]} Qc6 $146 {[%emt 0:04:24] White is slightly better.} ({Predecessor:} 11... Qh5 12. h3 Nbd7 13. Bf4 Rac8 14. O-O cxd4 15. cxd4 Rc3 16. Rfe1 Rfc8 17. Bd2 R3c7 18. Bf4 Rc3 19. Bd2 R3c7 20. Bf4 {½-½ (20) Kaufman,L (2406)-Gulko,B (2535) ICC INT 2011}) 12. Ne5 Qc7 {[%emt 0:03:03] White must now prevent ...cxd4.} 13. O-O Nc6 14. Nf3 {[%emt 0:01:17] White is more active.} e5 (14... Rfd8 $11 {remains equal.}) 15. d5 $36 {[%emt 0:21:04][%mdl 2048] White is really pushing.} Na5 16. Nd2 {[%emt 0:01:54] Prevents c4.} c4 17. Nxc4 ({Stronger than} 17. Bxc4 Nxc4 18. Qxc4 (18. Nxc4 $2 Ba6 $19) 18... Qxc4 19. Nxc4 Nxe4 $17) 17... Nxc4 18. Bxc4 Rac8 19. Bd3 Qxc3 (19... Nd7 $16) 20. Bg5 $18 Qc5 21. a4 Nd7 22. a5 Qd6 23. a6 Ba8 24. Bc1 Nc5 {[%emt 0:00:58] [#]} 25. Ba3 $1 Rfd8 26. Rfc1 Bc6 27. Bxc5 bxc5 28. Rab1 Bd7 29. Rb7 Rc7 (29... Ra8 $142 30. Qf3 Rdc8) 30. Qb2 Rdc8 31. Bc4 Kf8 32. Rb1 Ke7 33. f4 f6 34. fxe5 (34. Qf2 $18) 34... Qxe5 $16 35. Rd1 {[%emt 0:02:44] Prevents Qd4+.} Kd6 {[%emt 0:01:57] [#]} (35... Rxb7 $16 36. Qxb7 Kd6) 36. Rb6+ $3 $18 axb6 37. Qxb6+ Ke7 $2 (37... Bc6 {is a better chance.} 38. Bb5 (38. dxc6+ Ke7 $16) 38... Ke7) 38. d6+ Ke8 {[%emt 0:00:06] Hoping for ...Rc6.} 39. dxc7 Qxc7 40. Qb3 {[%emt 0:00:32][%cal Od1d7] Threatens to win with Rxd7!} Ke7 (40... Rd8 {is a better defense.} 41. e5 Bc6 42. exf6 gxf6 43. Re1+ Kf8) 41. Qa3 {[%emt 0:02:06] White is clearly winning.} (41. Bg8 c4 42. Qb4+ Qc5+ 43. Qxc5+ Rxc5 $14) 41... Ra8 42. e5 Qxe5 43. Bd5 ({Weaker is} 43. Qd3 Qd4+ 44. Qxd4 cxd4 $11) 43... Qe2 44. Qxc5+ (44. Bf3 $142 Qxa6 45. Qxc5+ Ke8 46. Re1+ Kf7 47. Re7+ Kg8 48. Qd5+ Kh8 49. Qxa8+ Qxa8 50. Bxa8) 44... Ke8 45. Bf3 {[%emt 0:00:19] Weighted Error Value: White=0.08 (flawless) /Black=0.44} ({Not} 45. Bxa8 Qxd1+ 46. Kf2 Qd2+ 47. Kf3 Qd1+ 48. Kf2 Qd2+ 49. Kf3 Qd1+ 50. Kf2 $11) 1-0

[Event "5th Sharjah Masters 2022"]
[Site "Sharjah"]
[Date "2022.05.25"]
[Round "5.10"]
[White "Narayanan.S.L"]
[Black "Adhiban, B.."]
[Result "1/2-1/2"]
[ECO "D45"]
[WhiteElo "2662"]
[BlackElo "2616"]
[Annotator "TA"]
[PlyCount "211"]
[EventDate "2022.05.21"]
[EventType "swiss"]
[EventCountry "UAE"]
[SourceTitle "playchess.com"]
[Source "ChessBase"]
[SourceQuality "1"]
[TimeControl "5400+30"]

1. d4 d5 2. c4 e6 3. Nf3 Nf6 4. Nc3 c6 5. e3 Nbd7 6. Qc2 Bd6 7. Be2 O-O 8. O-O Re8 9. b3 b6 10. a4 a5 11. Bb2 Qe7 12. Rad1 Bb7 13. Bd3 e5 14. e4 exd4 15. Nxd4 Qe5 16. Nf3 Qh5 17. exd5 Ne5 18. Nxe5 Bxe5 19. h3 cxd5 20. cxd5 Nxd5 21. Be2 Qg6 22. Qxg6 hxg6 23. Nxd5 Bxd5 24. Bb5 Bxb3 25. Rde1 Bxb2 26. Rxe8+ Rxe8 27. Bxe8 Kf8 28. Bb5 Bd4 29. Re1 Be6 30. Kf1 g5 31. f3 g6 32. Ke2 Kg7 33. Rd1 Bc5 34. Rd8 Kf6 35. Kd3 Ke5 36. Bc4 Bxc4+ 37. Kxc4 Kf4 38. Rd7 Kg3 39. Rxf7 Kxg2 40. Rf6 Kxh3 41. Rxg6 Kg3 {[%emt 0:00:23] [#]} 42. Rf6 $1 Be7 {[%emt 0:05:44] [#]} 43. Rf5 $2 (43. Rf7 $1 $18 Bc5 44. Kd5) 43... g4 $11 44. fxg4 Kxg4 45. Rf7 Bc5 46. Kd5 (46. Kb5 $5 Bd4 47. Kc4 $18) 46... Kg5 47. Ke6 Kg6 48. Rf5 Kg7 49. Rf6 Bb4 50. Rf3 Bc5 $1 51. Rf1 $1 Bb4 52. Rf7+ Kg6 53. Rc7 Bc5 $1 54. Rb7 Be3 55. Rb8 (55. Rf7 $5 Kg5 56. Ke5 $18) 55... Kg7 56. Rd8 Bc5 57. Rc8 Bb4 58. Rc4 Bc5 59. Rg4+ Kf8 $1 60. Kd7 Kf7 61. Rf4+ Kg6 62. Rf1 Kg7 63. Ke6 Bb4 64. Rf7+ Kg6 65. Rd7 (65. Rf1 $5 Kg5 66. Rf5+ Kg4 67. Rf7 $18) 65... Bc5 66. Rb7 Be3 67. Rf7 Bc5 $1 68. Rf6+ Kg7 69. Kf5 Bf2 70. Rd6 Kf7 71. Rd2 Be3 72. Rd7+ Ke8 73. Ke6 Bc5 74. Rd3 Kf8 75. Kf6 Ke8 76. Rd5 Bb4 77. Ke6 Ba3 78. Rd1 Bb4 79. Rd3 Kf8 80. Rd7 Bc5 81. Rh7 Be3 82. Ra7 Bc5 83. Rc7 Be3 84. Rc3 Bc5 85. Rg3 Bb4 86. Rg5 Bc5 87. Rg4 Bb4 88. Rd4 Bc5 89. Rd3 Bb4 90. Rd7 Bc5 91. Rc7 Be3 92. Kd7 Kf7 93. Kd6+ Kf6 94. Kd5 Bc5 95. Rd7 Bb4 96. Rb7 Bc5 97. Kc6 Ke6 98. Rxb6 Bxb6 99. Kxb6 Kd7 100. Kxa5 Kc7 101. Kb5 Kb7 102. a5 Ka7 103. a6 Ka8 104. Kb6 Kb8 105. a7+ Ka8 106. Ka6 1/2-1/2

[Event "5th Sharjah Masters 2022"]
[Site "Sharjah"]
[Date "2022.05.25"]
[Round "5.11"]
[White "Gukesh D"]
[Black "Sethuraman, S.P."]
[Result "1/2-1/2"]
[ECO "D43"]
[WhiteElo "2659"]
[BlackElo "2613"]
[Annotator "TA"]
[PlyCount "127"]
[EventDate "2022.05.21"]
[EventType "swiss"]
[EventCountry "UAE"]
[SourceTitle "playchess.com"]
[Source "ChessBase"]
[SourceQuality "1"]
[TimeControl "5400+30"]

1. d4 d5 2. c4 c6 3. Nf3 Nf6 4. Nc3 e6 5. Bg5 h6 6. Bh4 dxc4 7. e4 g5 8. Bg3 b5 9. Be2 Bb7 10. O-O Nbd7 11. Nd2 {[%emt 0:00:29] D43: Semi-Slav: 5 Bg5 h6.} h5 {[%emt 0:01:04] aiming for ...h4.} 12. h3 g4 {[%emt 0:01:11] With the idea ...gxh3.} 13. h4 Qb6 14. a4 (14. e5 $11 {remains equal.} Nd5 15. a4) 14... a6 $1 $17 (14... Qxd4 15. axb5 Nb6 16. Nxc4 $1 Qxd1 17. Rfxd1 Nxc4 18. Bxc4 $16) 15. e5 $1 Nd5 16. Nde4 c5 17. Nxd5 Bxd5 18. dxc5 $1 Bxc5 19. Nd6+ Bxd6 20. exd6 {[%emt 0:00:13] [#]} f5 $146 ({Black should play} 20... Qc6 $11) ({Predecessor:} 20... Qc6 21. f3 Rg8 22. Kh2 f5 23. Qe1 Kf7 24. Bd1 Nf6 25. axb5 axb5 26. Rxa8 Qxa8 {½-½ (43) Zuev,D (2480)-Poli,G (2460) ICCF email 2015}) 21. Kh2 (21. Qd2 $14) 21... Kf7 22. f3 (22. Qd2 $1 $11) 22... Nf6 $1 23. axb5 gxf3 (23... axb5 $5 24. Qd2 Rhg8 $15) 24. Bxf3 Qxb5 25. Qe1 a5 (25... Qxb2 $2 26. Rb1 Ng4+ 27. Kh3 $18) 26. Rd1 {[%emt 0:02:36] Black must now prevent Bxd5.} Bxf3 (26... Qxb2 $2 27. Rxd5 $1 Qb4 28. Qe5 $1 $18) 27. gxf3 Rhg8 (27... Qxb2+ 28. Rf2 Qb4 29. Qe3 $17) 28. Qe2 Nd5 29. Rd4 {[%emt 0:06:03] Inhibits f4.} Rab8 30. Rf2 Rbc8 (30... c3 $1 $15 31. bxc3 Qxe2 32. Rxe2 Nxc3) 31. b3 Qc5 (31... Qxb3 $2 {[#]} 32. Rxd5 $1 Qb7 33. Rxa5 $18) (31... Nc3 $2 32. Qe3 Rxg3 33. d7 $18 (33. bxc4 $2 Qb1 $19)) 32. Rxc4 {[%emt 0:02:28] Really sharp!} Qb6 {[%emt 0:01:25] Strongly threatening ...Rxc4.} 33. Be5 {[%emt 0:04:34] Threatens to win with Rxc8.} Rxc4 (33... Qxb3 $2 34. Rxc8 Rxc8 35. d7 $18) 34. bxc4 Ne3 35. Qb2 Nxc4 36. Qxb6 Nxb6 $11 {[%emt 0:00:01][%mdl 4096] Endgame KRB-KRN} 37. Rb2 Nd7 38. Rb7 Ke8 39. Bc3 Rg6 40. Rb5 a4 41. Ra5 e5 42. Bxe5 Nxe5 43. Rxe5+ {[%emt 0:00:02] KR-KR} Kd7 44. Rxf5 Rxd6 ({Don't do} 44... a3 45. Ra5 $16) 45. Ra5 Ke7 46. Rxa4 Kf6 47. Kg3 Kg6 48. Ra5 Rd4 49. Rg5+ Kh6 $1 50. Re5 Kg6 51. Re6+ Kg7 52. Re4 Rd5 53. Ra4 $1 Rf5 54. Ra6 Kf7 55. Ra4 {[%emt 0:01:26] Intending Rf4 and mate.} Kg6 56. Kf2 Re5 57. Ra6+ Kg7 58. Rd6 Kf7 59. f4 Re4 {[%emt 0:00:28] The position is equal.} 60. Kf3 Ra4 61. Ke3 Kg7 62. Rd7+ Kg6 63. Rd4 Ra1 64. Ke4 {[%emt 0:06:21] Weighted Error Value: White=0.09 (flawless) /Black=0.06 (flawless)} 1/2-1/2

[Event "5th Sharjah Masters 2022"]
[Site "Sharjah"]
[Date "2022.05.25"]
[Round "5.12"]
[White "Ganguly, Surya Shekhar"]
[Black "Niemann, Hans Moke"]
[Result "0-1"]
[ECO "C54"]
[WhiteElo "2616"]
[BlackElo "2656"]
[Annotator "TA"]
[PlyCount "91"]
[EventDate "2022.05.21"]
[EventType "swiss"]
[EventCountry "UAE"]
[SourceTitle "playchess.com"]
[Source "ChessBase"]
[SourceQuality "1"]
[TimeControl "5400+30"]

1. e4 e5 2. Nf3 Nc6 3. Bc4 Nf6 4. d3 Bc5 5. O-O d6 6. c3 a6 7. a4 {[%emt 0:01:01] is recently more successful than 7.Bb3. C54: Giuoco Piano: 4 c3 Nf6, main lines with 5 d4 and 5 d3.} Ba7 8. Re1 O-O 9. h3 {[%emt 0:00:30] The position is equal.} b5 10. Bb3 b4 11. Nbd2 Rb8 12. Nf1 Be6 13. Bc2 h6 14. d4 {[%emt 0:14:05] [#]} exd4 $146 ({Predecessor:} 14... bxc3 15. bxc3 exd4 16. cxd4 d5 17. e5 Ne4 18. Ng3 f5 19. exf6 Qxf6 20. Nxe4 dxe4 21. Rxe4 {1-0 (34) Rathnakaran,K (2437)-Singh,D (2326) New Delhi 2008}) 15. Nxd4 (15. cxd4 $5 b3 16. Bb1 $14) 15... bxc3 $2 16. bxc3 $2 (16. Nxc6 $18 Qd7 17. Nxb8 (17. Nxa7 cxb2 18. Bxb2 Rxb2 $18) 17... Rxb8 18. bxc3) 16... Bd7 $11 17. Be3 {[%emt 0:06:45] Strongly threatening Nxc6.} Bb6 18. Ng3 Re8 19. Rb1 (19. Qd3 $14) 19... Ba5 (19... Ne5 $11) 20. Rxb8 $16 Nxb8 21. Qd3 Nc6 22. Nxc6 Bxc6 23. Bd4 Bb7 24. Nf5 Bxe4 {[%emt 0:11:34] [#]} 25. Rxe4 Rxe4 {[%emt 0:00:23] [#]} (25... Nxe4 $2 26. Nxg7 Re7 27. Nf5 $16) 26. Qxa6 (26. Nxh6+ $2 gxh6 27. Qg3+ Kf8 28. Bxe4 Nxe4 $19) (26. Qg3 $1 $16 g6 27. Bxe4 (27. Nxh6+ Kf8 $16) 27... Nxe4 28. Nxh6+ Kf8 29. Qf3) 26... Re1+ $11 27. Kh2 {[%emt 0:00:07] Hoping for Bxf6.} Bb6 {[%emt 0:00:30] ...g6 is the strong threat.} 28. Bxf6 gxf6 (28... Qxf6 {is a self mate.} 29. Qc8+) 29. Qc4 Kf8 $1 {[%emt 0:02:00] White must now prevent ...Qe8.} (29... Qf8 $2 30. Qh4 (30. Qf4 Re5 $18) 30... Rc1 31. Nxh6+ Qxh6 32. Qxh6 $18) 30. Qh4 Re5 (30... Bxf2 $1 $11 31. Qxf2 Qe8) 31. Qxh6+ $16 Ke8 {[%emt 0:00:05] [#]} 32. f4 $1 $36 {[%emt 0:02:11][%mdl 2048] White is in control.} Rc5 33. Qh7 {[%emt 0:00:18] And now Bb3 would win.} d5 (33... Rxf5 $16 {might work better.} 34. Qxf5 (34. Bxf5 d5 $16) 34... d5) 34. Bd1 Kd7 35. Qxf7+ Kc8 36. Ne7+ Kb8 37. Qxf6 {[%emt 0:00:10] aiming for Nc6+.} Qd7 {[%emt 0:00:30] Against Nc6+} 38. Bf3 (38. Qe5 $18) 38... c6 39. Bg4 Qc7 40. h4 Ba5 41. Qf8+ Kb7 42. Nc8 Rxc3 43. Nd6+ ({White should try} 43. g3 $14) 43... Ka7 (43... Kb6 $11 {might be stronger.}) 44. Nc8+ Kb7 45. Nd6+ (45. g3 $5 ) 45... Ka7 46. h5 {[%emt 0:00:30][%mdl 32768] Weighted Error Value: White=0.32/Black=0.35. Loss on time!?} 0-1

[Event "5th Sharjah Masters 2022"]
[Site "Sharjah"]
[Date "2022.05.25"]
[Round "5.13"]
[White "Puranik, Abhimanyu"]
[Black "Moussard, Jules"]
[Result "1/2-1/2"]
[ECO "A13"]
[WhiteElo "2608"]
[BlackElo "2651"]
[Annotator "TA"]
[PlyCount "91"]
[EventDate "2022.05.21"]
[EventType "swiss"]
[EventCountry "UAE"]
[SourceTitle "playchess.com"]
[Source "ChessBase"]
[SourceQuality "1"]
[TimeControl "5400+30"]

1. Nf3 Nf6 2. c4 e6 3. e3 d5 4. b3 Bd6 5. Bb2 O-O 6. Nc3 {[%emt 0:06:06] A13: English Opening: 1...e6.} Re8 7. d4 b6 8. Bd3 Bb7 9. O-O Nbd7 10. Rc1 a6 11. cxd5 {[%emt 0:01:45] has lost popularity (11.Qc2).} exd5 12. Ne2 Ne4 13. Ng3 Nxg3 14. hxg3 {[%emt 0:00:27] [#]} g6 $146 ({Predecessor:} 14... Nf6 15. Rc2 Ne4 16. Qc1 Qe7 17. Ne5 f6 18. Bxe4 dxe4 19. Nc4 Rac8 20. a4 b5 21. axb5 {½-½ (21) Gelfand,B (2707)-Seirawan,Y (2631) Prague 2002}) 15. Qc2 Rc8 16. Qe2 b5 17. a4 c6 18. g4 Nf6 19. Ne5 Ne4 20. Bb1 Rc7 21. g3 f6 22. Nd3 Rce7 {[%emt 0:02:24][%cal Oe4g3] ...Nxg3! is the strong threat.} 23. Nf4 (23. Rfe1 $1 $11 {keeps the balance.}) 23... Ng5 (23... f5 $17) 24. Kg2 Qd7 25. Rh1 c5 26. Rh6 (26. dxc5 $2 d4+ 27. Kh2 (27. e4 $2 Rxe4 28. Bxe4 Rxe4 $19) 27... Bxf4 28. gxf4 Bf3 $19) 26... Rg7 27. Rch1 $1 Kf7 (27... Nf7 $15 28. Bf5 Qe7 29. Nxg6 (29. Be6 c4 $17) 29... hxg6 30. Rxg6 Rxg6 31. Bxg6 Ng5 $1) 28. Nh3 Nxh3 29. R1xh3 Kg8 30. Qf3 (30. axb5 $11 {remains equal.} c4 31. b6) 30... Re6 (30... Bf8 $1 $17 31. axb5 (31. Qxf6 Re6 $17) 31... axb5) 31. axb5 axb5 32. dxc5 d4 $1 33. e4 Bf8 {[%emt 0:02:46] And now ...Rge7 would win.} 34. Kh2 $2 {[%emt 0:02:42] [#]} (34. R6h4 $1 $15 d3 35. c6 (35. Qxd3 $2 Bxe4+ 36. Qxe4 Rxe4 $19) (35. Bxd3 Bxc5 36. Rh1 Rd6 $11) 35... Bxc6 36. Bxd3) 34... Rf7 $1 $19 (34... Bxc5 35. b4 Bf8 36. Ba2 $16) 35. R6h4 {[%emt 0:00:47] [#]} b4 $2 (35... Bxc5 36. b4 Bxb4 37. Qb3) (35... d3 $1 $19 36. Qxd3 (36. Bxd3 $2 Bxc5 37. Qe2 Bxf2 $19) 36... Qxd3 37. Bxd3 Bxc5 38. Bxb5 Ba6) 36. Bd3 $11 Bxc5 {[%emt 0:00:25] Strongly threatening ...Ba6.} 37. Bc4 Bxe4 {[%emt 0:00:36] [#]} 38. Rxh7 $1 Rxh7 (38... Bxf3 $2 {leads to mate.} 39. Rh8+ Kg7 40. R3h7#) 39. Qxe4 $1 {[%emt 0:00:07][%mdl 64] Pin, Double Attack} Rxh3+ 40. Kxh3 {[%emt 0:00:03] Dancing on a razor blade.} Kf7 41. Bxd4 Bxd4 {[%emt 0:00:07] The position is equal.} 42. Bxe6+ Qxe6 43. Qxd4 Qxb3 44. Qd7+ Kf8 45. Qd8+ Kf7 46. Qd7+ {[%emt 0:00:04] Weighted Error Value: White=0.17 (very precise) /Black=0.16 (very precise)} 1/2-1/2

[Event "5th Sharjah Masters 2022"]
[Site "Sharjah"]
[Date "2022.05.25"]
[Round "5.14"]
[White "Sargsyan, Shant"]
[Black "Hakobyan, Aram"]
[Result "1/2-1/2"]
[ECO "D35"]
[WhiteElo "2641"]
[BlackElo "2615"]
[Annotator "TA"]
[PlyCount "45"]
[EventDate "2022.05.21"]
[EventType "swiss"]
[EventCountry "UAE"]
[SourceTitle "playchess.com"]
[Source "ChessBase"]
[SourceQuality "1"]
[TimeControl "5400+30"]

1. d4 d5 2. c4 e6 3. Nc3 Nf6 4. cxd5 exd5 5. Bg5 Be6 6. e3 {[%emt 0:01:23] D35: Queen's Gambit Declined: Exchange Variation.} Nbd7 {[%emt 0:00:33] 6...Bd6 is vanishing.} 7. Bd3 c6 {[%emt 0:00:06] [#]} 8. Bf4 $146 {[%emt 0:03:34] White has an edge.} ({Predecessor:} 8. f4 h6 9. Bh4 g5 10. fxg5 Ng4 11. Nf3 Be7 12. Qe2 hxg5 13. Bg3 Qa5 14. O-O {1-0 (27) Andreikin,D (2726)-Bartel,M (2638) Chess.com INT 2020}) 8... Be7 9. h3 O-O 10. Nf3 Ne8 11. Qc2 Kh8 12. g4 ({Of course not} 12. Bxh7 g6 13. Bxg6 fxg6 14. Qxg6 Bf5 15. Qh6+ Kg8 $17) 12... Nd6 13. Rg1 g6 14. h4 c5 15. dxc5 (15. h5 $5 c4 16. Be2 $14) 15... Nxc5 16. O-O-O Rc8 17. h5 (17. Kb1 $11) 17... Nxd3+ $17 18. Rxd3 g5 (18... b5 $17 {aiming for ...b4.} 19. hxg6 fxg6) 19. Be5+ (19. Bxd6 $5 Qxd6 20. Nd4 $11) 19... Kg8 {[%emt 0:00:02] Threatens to win with ...b5.} (19... Bf6 $5 20. Bd4 b5 $15) 20. Nd4 {[%emt 0:03:39] Inhibits b5.} (20. Bxd6 $11 Qxd6 21. Kb1) 20... Nc4 $15 21. Bh2 {[%emt 0:00:29] [#]} Bf6 $1 22. Kb1 b5 ({Black should try} 22... a6 $15) 23. Qb3 {[%emt 0:11:53] Weighted Error Value: White=0.22 (precise) /Black=0.19 (very precise)} (23. Ndxb5 $11 {keeps the balance.} Qb6 24. Qe2 (24. Nxd5 $2 Bxd5 25. Rxd5 Na3+ 26. Nxa3 Rxc2 $19)) 1/2-1/2

[Event "5th Sharjah Masters 2022"]
[Site "Sharjah"]
[Date "2022.05.25"]
[Round "5.15"]
[White "Van Foreest, Lucas"]
[Black "Abasov, Nijat"]
[Result "1/2-1/2"]
[ECO "E36"]
[WhiteElo "2572"]
[BlackElo "2635"]
[Annotator "TA"]
[PlyCount "146"]
[EventDate "2022.05.21"]
[EventType "swiss"]
[EventCountry "UAE"]
[SourceTitle "playchess.com"]
[Source "ChessBase"]
[SourceQuality "1"]
[TimeControl "5400+30"]

1. d4 Nf6 2. c4 e6 3. Nc3 Bb4 4. Qc2 O-O 5. a3 Bxc3+ 6. Qxc3 d5 $1 {[%emt 0:01:10][%mdl 4] outshines the older 6...b6.} 7. e3 {[%emt 0:00:09] E36: Nimzo-Indian: Classical: 4...d5 5 a3.} dxc4 8. Bxc4 b6 9. Nf3 Bb7 10. O-O Nbd7 11. b3 Rc8 12. Bb2 c5 13. Rfd1 {[%emt 0:00:13][%cal Od4d5,Bf1d1,Bd1d5,Bd5g5,Bg5g3][%mdl 32] [#]} Qe7 $146 ({Predecessor:} 13... Bd5 14. Bxd5 Nxd5 15. Qd3 Qe7 16. Rac1 Rfd8 17. h3 h6 18. Qe2 Qf8 19. Rc4 cxd4 20. Rcxd4 {½-½ (71) Koneru,H (2575)-Gunina,V (2520) Hancheng 2016}) 14. d5 exd5 {[%emt 0:00:29] [#]} 15. Bxd5 Bxd5 {[%emt 0:00:34] [#]} 16. Rxd5 Rfd8 {[%emt 0:00:18] [#]} 17. Nh4 $1 Qf8 (17... Qe4 18. Nf5) 18. Rg5 h6 19. Rg3 Nh5 (19... c4 $11) 20. Rh3 $1 $16 {[%emt 0:05:55] White is more active.} Ndf6 21. Nf5 Rd5 {[%emt 0:00:45] [#]} (21... Rc6 $142) 22. Nxh6+ $1 $18 gxh6 {[%emt 0:01:34] [#]} (22... Kh7 $2 23. e4 Nxe4 24. Qc4 $18) 23. Rxh5 $1 {[%emt 0:00:41][%mdl 576] Remove Defender} Rxh5 24. Qxf6 Kh7 {[%emt 0:00:13] Inhibits Qh8+.} 25. Qf3 {[%emt 0:21:48][%mdl 1024] White has strong compensation.} Rg5 26. Rd1 Rg6 27. h4 {[%emt 0:05:39][%cal Bh2h4,Bh4h5][%mdl 32] Hoping for Rd7.} Qe8 (27... Re8 $142 28. h5 Rge6) 28. h5 Rg5 29. Bf6 Qe6 30. Bxg5 hxg5 {[%emt 0:00:06][%mdl 4096] Endgame KQR-KQR} 31. Rd5 f6 (31... g4 {is a better defense.} 32. Qd1 c4) 32. Qd1 {[%emt 0:00:19] Black must now prevent Qd3+.} Qe4 33. Rd7+ Kh6 34. Qd6 Qb1+ 35. Kh2 Qf5 36. Kg3 (36. Rxa7 Qxf2 37. Rf7 (37. Qd7 Qh4+ 38. Kg1 Qe1+ 39. Kh2 Qh4+ 40. Kg1 Qe1+ 41. Kh2 Qh4+ $11) 37... Qh4+ 38. Kg1 Qe1+ 39. Kh2 Qh4+ 40. Kg1 Qe1+ 41. Kh2 Qh4+ $11) 36... Kxh5 {[%emt 0:01:08] [#]} 37. Qd1+ $2 ({Don't play} 37. Rxa7 $6 c4 $16) ({Better is} 37. Qe7 $1 $18 {[%cal Od7d5] Rd5! is the strong threat.} Rh8 38. Qf7+ (38. Rxa7 $2 Qg4+ 39. Kh2 Kg6+ 40. Qh7+ Rxh7+ $19) 38... Qg6 39. Qd5 (39. Rxa7 Qxf7 40. Rxf7 Kg6 $16)) 37... Kg6 $11 38. Rxa7 c4 39. Re7 {[%emt 0:06:56] Threatens to win with Qh1.} Qd3 $1 40. Rd7 {[%emt 0:00:37] Dancing on a razor blade.} Qxd1 41. Rxd1 cxb3 {[%emt 0:01:27] KR-KR} 42. Rd3 b2 43. Rb3 $1 Rc3 44. Rxb2 Rxa3 45. Rxb6 Rc3 46. Kh2 (46. Kf3 $16) 46... Rc2 {[%emt 0:00:22] The position is equal.} 47. f3 Re2 48. e4 g4 49. Kg3 gxf3 50. gxf3 Kf7 51. Kf4 Ra2 52. Rc6 Ra3 53. Kg4 Ra4 54. Rd6 Ke7 55. Rd5 Ke6 56. Kh5 Ra1 57. Rb5 Rg1 58. f4 Kf7 59. Rb7+ Kf8 60. Ra7 Rg2 61. Kh4 Rg1 62. Kh3 Re1 (62... f5 $5) 63. Ra4 Rg1 64. Kh4 Kf7 65. Kh5 Kf8 66. Ra7 Rg2 67. Ra1 Kf7 68. Re1 Ke6 69. Kh4 f5 70. Kh3 Rg4 71. Rf1 Rg8 72. e5 Rg4 73. Rf2 Ke7 {[%emt 0:00:08] Blacks defense is rewarded with a draw.  Weighted Error Value: White=0.14 (very precise) /Black=0.18 (very precise)} 1/2-1/2

[Event "5th Sharjah Masters 2022"]
[Site "Sharjah"]
[Date "2022.05.25"]
[Round "5.16"]
[White "Azarov, Sergei"]
[Black "Idani, Pouya"]
[Result "0-1"]
[ECO "B95"]
[WhiteElo "2588"]
[BlackElo "2635"]
[Annotator "TA"]
[PlyCount "56"]
[EventDate "2022.05.21"]
[EventType "swiss"]
[EventCountry "UAE"]
[SourceTitle "playchess.com"]
[Source "ChessBase"]
[SourceQuality "1"]
[TimeControl "5400+30"]

1. e4 c5 2. Nf3 d6 3. d4 cxd4 4. Nxd4 Nf6 5. Nc3 a6 6. Bg5 e6 7. Qf3 h6 8. Bh4 Nbd7 9. O-O-O Qc7 10. Bd3 {[%emt 0:00:51] B95: Sicilian Najdorf: 6 Bg5 e6, unusual White 7th moves.} Be7 11. Kb1 Rb8 {[%emt 0:00:18] [#]} 12. Qh3 $146 {[%emt 0:01:06] The position is equal.} ({Predecessor:} 12. Qe2 b5 13. f4 Bb7 14. Rhf1 Qa5 15. e5 {1-0 (15) Hervet,G (2366)-Raijmaekers,R (2497) ICCF email 2015}) 12... b5 13. f4 {[%emt 0:00:31][%cal Oe4e5] Threatens to win with e5!} b4 $1 14. Na4 Nc5 15. e5 Nxa4 16. exf6 gxf6 17. g4 h5 (17... Nxb2 $2 18. Kxb2 h5 19. Be1 $16) 18. Be1 Bd7 19. b3 ({Of course not} 19. Bxa6 e5 20. Nf5 Qc6 $17) (19. f5 $15) 19... Nc3+ $17 20. Bxc3 bxc3 ({And not} 20... Qxc3 21. Ne2 Qc5 22. f5 $15) 21. Rhe1 Qa5 {[%emt 0:11:38] ( -> ...Qa3)} 22. Bf1 {[%emt 0:13:11] [#]} (22. Bf5 $142) 22... Rc8 $1 $19 {[%emt 0:04:23] aiming for ...Qa3.} 23. Re3 d5 24. Ne2 Bb4 25. f5 $2 {[%emt 0:07:30] [#]} (25. g5 fxg5 26. fxg5) 25... e5 $1 {[%emt 0:01:26] Black is clearly winning.} 26. a3 (26. Qh4 $142 Be7 27. Qh3) 26... Qxa3 27. Nxc3 Rc5 28. Bb5 Bxc3 {[%emt 0:01:56] Weighted Error Value: White=0.69/Black=0.01 (flawless)} 0-1

[Event "5th Sharjah Masters 2022"]
[Site "Sharjah"]
[Date "2022.05.25"]
[Round "5.17"]
[White "Muradli, Mahammad"]
[Black "Yakubboev, Nodirbek"]
[Result "1-0"]
[ECO "D85"]
[WhiteElo "2539"]
[BlackElo "2630"]
[Annotator "TA"]
[PlyCount "69"]
[EventDate "2022.05.21"]
[EventType "swiss"]
[EventCountry "UAE"]
[SourceTitle "playchess.com"]
[Source "ChessBase"]
[SourceQuality "1"]
[TimeControl "5400+30"]

1. d4 Nf6 2. c4 g6 3. Nc3 d5 4. cxd5 Nxd5 5. e4 Nxc3 6. bxc3 Bg7 7. Nf3 c5 8. Bb5+ Nc6 9. O-O O-O 10. Bxc6 $1 {[%emt 0:00:20][%mdl 4] is now more promising than 10.Be3.} bxc6 11. Qc2 {[%emt 0:00:11] D85: Exchange Grünfeld: Unusual White 7th moves and lines with 7 Nf3.} Ba6 12. Rd1 cxd4 13. cxd4 {[%emt 0:00:18] White is slightly better.} c5 14. dxc5 Bxa1 {[%emt 0:03:30] [#]} ({Black should try} 14... Qa5 $14) 15. Rxd8 $146 ({Predecessor:} 15. Bh6 Bh8 16. Rxd8 Rfxd8 17. h4 Bd3 18. Qa4 a6 19. Bg5 Rac8 20. Bxe7 Re8 21. Bd6 Bxe4 22. Qxa6 {½-½ (40) Nihal,S (2652)-Navara,D (2691) Riga 2021}) 15... Rfxd8 16. h4 Bd3 17. Qa4 a6 18. Be3 Rac8 19. h5 (19. e5 $16) 19... Be2 (19... Bb5 $1 $14 20. Qb4 Bc6) 20. h6 Bb5 (20... Bh8 $16) 21. Qb3 Rd3 22. Qc2 {[%emt 0:03:51] a4 is the strong threat.} Ra3 {[%emt 0:01:53] Against a4} (22... Rdd8 {is a better chance.} 23. a4 Bc6) 23. Qc1 Rxa2 {[%emt 0:00:36] [#]} 24. Bd4 $1 Bxd4 25. Nxd4 Ra4 26. Qb2 f6 {[%emt 0:00:25] [#]} 27. e5 $2 (27. c6 $1 $18) 27... Kf7 $2 {[%emt 0:08:54][%mdl 8192] Black cannot hold the game after this.} (27... Rxc5 $16 {is a better defense.} 28. exf6 exf6) 28. Qb3+ $18 ({Less strong is} 28. Nxb5 axb5 29. exf6 Rxc5 $16) 28... Rc4 29. c6 ({Not} 29. Nxb5 axb5 30. exf6 R8xc5 $11) 29... f5 $2 (29... Kf8 30. exf6 Rxd4) 30. e6+ Kf6 {[%emt 0:00:23] [#]} 31. f4 $1 {[%emt 0:00:59] Qe3 would kill now.} g5 (31... Rxd4 32. Qc3) 32. Nxb5 {[%emt 0:00:28] Intending Qb2+ and mate.} axb5 33. Qb2+ {[%emt 0:00:05] White mates.} Kxe6 34. Qe5+ Kf7 35. Qxf5+ {[%emt 0:00:05] Weighted Error Value: White=0.36/Black=0.96} 1-0